 Dungeon Crawl Stone Soup version 0.27-a0-1144-g0b7d3b79db (webtiles) character file.

Game seed: 7240668533904992407

226 jien the Covered (level 6, -2/38 HPs)
             Began as a Gargoyle Fighter on May 10, 2021.
             Slain by an orc warrior
             ... wielding a +0 hand axe
              (4 damage)
             ... on level 4 of the Dungeon.
             The game lasted 00:04:51 (2690 turns).

jien the Covered (Gargoyle Fighter)                 Turns: 2690, Time: 00:04:52

Health: -2/38      AC: 11    Str: 21    XL:     6   Next: 1%
Magic:  0/6        EV:  7    Int:  9    God:
Gold:   167        SH:  9    Dex:  9    Spells: 5/5 levels left

rFire    . . .     SeeInvis .   a - +0 war axe
rCold    . . .     Faith    .   c - +0 kite shield
rNeg     + . .     Spirit   +   b - +0 scale mail
rPois    ∞         Reflect  .   (no helmet)
rElec    +         Harm     .   (no cloak)
rCorr    .         Rampage  .   (no gloves)
Will     .....                  (no boots)
Stlth    ..........             k - amulet of guardian spirit
HPRegen  0.12/turn              (no ring)
MPRegen  0.10/turn              (no ring)

@: no status effects
A: sickness immunity, AC +4, negative energy resistance 1, electricity
resistance, torment resistance 1, petrification resistance
a: no special abilities


You were on level 4 of the Dungeon.
You visited 1 branch of the dungeon, and saw 4 of its levels.

You collected 167 gold pieces.

Inventory:

Hand Weapons
 a - a +0 war axe (weapon)
Missiles
 p - 7 silver javelins (quivered)
Armour
 b - a +0 scale mail (worn)
 c - a +0 kite shield (worn)
Jewellery
 k - an amulet of guardian spirit (around neck)
Scrolls
 f - a scroll of brand weapon
 g - a scroll of teleportation
 h - a scroll of silence
 l - a scroll of noise
 n - a scroll of immolation {unknown}
 o - a scroll of fear {unknown}
Potions
 d - 2 potions of might
 e - a potion of mutation {unknown}
 i - 2 potions of magic {unknown}
 j - a potion of curing {unknown}
 m - a potion of cancellation {unknown}


   Skills:
 + Level 4.3 Fighting
 * Level 3.7 Axes
 + Level 4.3 Armour
 + Level 4.2 Shields


You had 5 spell levels left.
You didn't know any spells.
Your spell library contained the following spells:

 Spells                   Type           Power      Damage    Failure   Level
 Freeze                   Ice            0%         1d3       99%         1
 Frozen Ramparts          Ice            0%         1d2       100%        3
 Ozocubu's Armour         Ice            0%         N/A       100%        3
 Hailstorm                Conj/Ice       0%         3d3       100%        4
 Metabolic Englaciation   Hex/Ice        0%         N/A       100%        5


Dungeon Overview and Level Annotations

Branches:
Dungeon (4/15)
 Temple: D:4-7

Altars:


Innate Abilities, Weirdness & Mutations

You are immune to sickness and miasma.
Your stone body is resilient. (AC +4)
You are immune to poison.
You resist negative energy. (rN+)
You are resistant to electric shocks. (rElec)
You are resistant to unholy torment.
You are immune to petrification.


Message History

You have reached level 6!
Your experience leads to an increase in your attributes!
Increase (S)trength, (I)ntelligence, or (D)exterity?
You feel stronger.
Found a large rock.
Items here: $ ( ) [ †.
You hit the orc.
The orc is moderately wounded.
You block the orc's attack.
An orc warrior comes into view. It is wielding a +0 hand axe.
The orc hits you but does no damage. Space bends around you.
Unknown command.
You slash the orc!
You kill the orc!
You see here a +2 hand axe of distortion.
The orc warrior hits you with a +0 hand axe.
Unknown command.
You slash the orc warrior!
The orc warrior is moderately wounded.
The orc warrior hits you with a +0 hand axe.
Your shield prevents you from hitting the orc warrior.
The orc warrior is moderately wounded.
You block the orc warrior's attack. The orc warrior closely misses you.
You barely miss the orc warrior.
The orc warrior is moderately wounded.
You block the orc warrior's attack.
You closely miss the orc warrior.
The orc warrior is moderately wounded.
The orc warrior hits you with a +0 hand axe.
* * * LOW HITPOINT WARNING * * *
The orc warrior barely misses you.
You hit the orc warrior but do no damage.
The orc warrior is moderately wounded.
The orc warrior hits you with a +0 hand axe!
* * * LOW HITPOINT WARNING * * *
Your shield prevents you from hitting the orc warrior.
The orc warrior is moderately wounded.
You block the orc warrior's attack.
The orc warrior hits you with a +0 hand axe.
You die...

.#####. ######
#.....# ....##
##...#
###.)###...# #
####..)).)....##
#.
#.#.)#.######..###
..#..###.)##.#
##....
#....(.o..##..
##...
.#....@.###.$#
#### #...8..# #..#
###.8##.##... ##.
#.#... .. .# ##. #
## # ##


You could see an orc warrior.

Vanquished Creatures
  A howler monkey (D:4)
  An orc priest (D:4)
  An orc wizard (D:4)
  A howler monkey skeleton (D:4)
  5 adders
  A worm (D:2)
  7 dart slugs
  6 orcs
  5 ball pythons
  2 bats (D:3)
  5 endoplasms
  2 giant cockroaches (D:1)
  6 goblins
  3 hobgoblins
  10 kobolds
  2 quokkas (D:2)
  3 frilled lizards
  4 rats
65 creatures vanquished.

Notes
Turn   | Place    | Note
-------+----------+-------------------------------------------
     0 | D:1      | jien the Gargoyle Fighter began the quest for the Orb.
     0 | D:1      | Reached XP level 1. HP: 14/14 MP: 1/1
    99 | D:1      | Reached XP level 2. HP: 10/19 MP: 2/2
   678 | D:1      | Reached XP level 3. HP: 23/23 MP: 3/3
  1761 | D:3      | Reached XP level 4. HP: 29/29 MP: 4/4
  2419 | D:3      | Reached XP level 5. HP: 33/33 MP: 5/5
  2679 | D:4      | Reached XP level 6. HP: 18/38 MP: 6/6
  2680 | D:4      | Noticed an orc warrior
  2690 | D:4      | Slain by an orc warrior

Illustrated notes

Levels and vault maps discovered:
D:1:      lightli_arrival_statuegarden, layout_rooms, kennysheep_nondescript,
          minmay_split_cup_large
D:2:      minmay_recursive_quarters, layout_loops_ring
D:3:      minmay_inner_zag, layout_loops_ring, minmay_strange_pillars
D:4:      layout_layer_cave, st_stairs_13, guppyfry_early_orc_mine

Skill      XL: |  1  2  3  4  5 |
---------------+----------------+-----
Axes           | 2 3 |  3.7
Armour         | 4 |  4.3
Fighting       | 4 |  4.3
Shields        | 4 |  4.2

Action                   |  1- 3 |  4- 6 || total
-------------------------+-------+-------++-------
Melee: War axe           |   107 |   119 ||   226
  Use: Scroll            |     3 |     1 ||     4
 Stab: Paralysed         |       |     1 ||     1
Armor: Scale mail        |    68 |    66 ||   134
Dodge: Dodged            |    26 |    30 ||    56
Block: Kite shield       |    63 |    77 ||   140

Table legend: (Time is in decaauts)
 A = Elapsed time spent in this place.
 B = Non-inter-level travel time spent in this place.
 C = Inter-level travel time spent in this place.
 D = Time resting spent in this place.
 E = Time spent auto-exploring this place.
 F = Levels seen in this place.
 G = Mean time per level.
                   A        B        C        D        E       F      G
               +--------+--------+--------+--------+--------+-----+--------+
         Total |   2821 |   2694 |    127 |      0 |   2158 |   4 |  705.2 |
       Dungeon |   2821 |   2694 |    127 |      0 |   2158 |   4 |  705.2 |
               +--------+--------+--------+--------+--------+-----+--------+

Top non-repeatable levels by time:
     D:3: 888 daAuts
     D:2: 875 daAuts
     D:1: 808 daAuts
     D:4: 250 daAuts
